 Dungeon Crawl Stone Soup version 0.29.0-15-g675c0067aa (webtiles) character file.

Game seed: 10569406238459602881

2 qw the Sneak (level 1, -1/14 HPs)
             Began as a Gargoyle Delver on Sept 11, 2022.
             Slain by a scorpion (5 damage)
             ... on level 5 of the Dungeon.
             The game lasted 00:00:07 (1679 turns).

qw the Sneak (Gargoyle Delver)                      Turns: 1679, Time: 00:00:07

Health: -1/14      AC:  5    Str: 15    XL:     1   Next: 40%
Magic:  1/1        EV: 11    Int: 10    God:
Gold:   0          SH:  0    Dex: 11    Spells: 0/0 levels left

rFire   . . .      SeeInvis .   a - +0 hand axe
rCold   . . .      Faith    .   (no shield)
rNeg    + . .      Spirit   .   b - +0 leather armour
rPois   inf        Reflect  .   (no helmet)
rElec   +          Harm     .   (no cloak)
rCorr   .          Rampage  .   (no gloves)
Will    .....                   (no boots)
Stlth   +++.......              (no amulet)
HPRegen 0.04/turn               (no ring)
MPRegen 0.07/turn               (no ring)

@: no status effects
A: sickness immunity, AC +2, negative energy resistance 1, electricity
resistance, torment resistance 1, petrification resistance
a: no special abilities


You were on level 5 of the Dungeon.
You visited 1 branch of the dungeon, and saw 1 of its levels.


Innate Abilities, Weirdness & Mutations

You are immune to sickness and miasma.
Your stone body is resilient. (AC +2)
You are immune to poison.
You resist negative energy. (rN+)
You are resistant to electric shocks. (rElec)
You are resistant to unholy torment.
You are immune to petrification.


   Skills:
 - Level 3.2 Fighting
 + Level 2.0 Axes
 - Level 1.5 Dodging
 - Level 5.4 Stealth


You couldn't memorise any spells.
You didn't know any spells.
Your spell library was empty.

Inventory:

Hand Weapons
 a - a +0 hand axe (weapon)
Armour
 b - a +0 leather armour (worn)
Wands
 g - a wand of digging (3)
Scrolls
 c - a scroll of fog
 d - a scroll of magic mapping
 e - a scroll of fear
Potions
 f - a potion of haste

Dungeon Overview and Level Annotations

Branches:
Dungeon (5/15)
 Temple: D:4-7

Altars:


Message History

You start waiting.
Done waiting.
1245 ||| Stepping ~*~*~tactically~*~*~ (hiding).
You start waiting.
Done waiting.
1347 ||| Stepping ~*~*~tactically~*~*~ (hiding).
You start waiting.
Done waiting.
1449 ||| Stepping ~*~*~tactically~*~*~ (hiding).
You start waiting.
Done waiting.
1551 ||| Stepping ~*~*~tactically~*~*~ (hiding).
You start waiting.
A dart slug is nearby!
The dart slug bites you but does no damage.
You hit the dart slug.
The dart slug is heavily wounded.
The dart slug bites you but does no damage.
You hit the dart slug.
The dart slug is severely wounded.
The dart slug launches a dart at you. The slug dart misses you.
You hit the dart slug.
You kill the dart slug!
Your Axes skill increases to level 2!
You start waiting.
Done waiting.
A scorpion comes into view.
Found a scroll labelled WENE OJA HOIL.
You barely miss the scorpion. The scorpion misses you.
The scorpion closely misses you.
You hit the scorpion but do no damage. The scorpion stings you.
You barely miss the scorpion. The scorpion barely misses you.
You barely miss the scorpion. The scorpion stings you. x2
You barely miss the scorpion. The scorpion stings you.
You die...

...?.. #
...... #.
...... ###.#
###......
.....##......
##.........
#......s.#
#@## ##.##
##.## ##.##
#..## ###
##..## #####.#
##..####....>.
##.#.........
##..........


You could see a scorpion.

Vanquished Creatures
  A dart slug (D:5)
1 creature vanquished.

Notes
Turn   | Place    | Note
-------+----------+-------------------------------------------
     0 | D:5      | qw the Gargoyle Delver began the quest for the Orb.
     0 | D:5      | Reached XP level 1. HP: 14/14 MP: 1/1
     0 | D:5      | 0 ||| qw: Version: 0.1-a-118-gb4e7ce6
     0 | D:5      | 0 ||| qw: Game counter: 10227
     0 | D:5      | 0 ||| qw: Always use a shield: true
     0 | D:5      | 0 ||| qw: God list: Okawaru
     0 | D:5      | 0 ||| qw: Allow faded altars: false
     0 | D:5      | 0 ||| qw: Do Orc after D:15 true
     0 | D:5      | 0 ||| qw: Do second Lair branch before Depths: true
     0 | D:5      | 0 ||| qw: Lair rune preference: random
     0 | D:5      | 0 ||| qw: Plans: Normal
     0 | D:5      | 0 ||| PLANNING D:1-11
    21 | D:5      | 21 ||| Stepping ~*~*~tactically~*~*~ (hiding).
   123 | D:5      | 123 ||| Stepping ~*~*~tactically~*~*~ (hiding).
   225 | D:5      | 225 ||| Stepping ~*~*~tactically~*~*~ (hiding).
   327 | D:5      | 327 ||| Stepping ~*~*~tactically~*~*~ (hiding).
   429 | D:5      | 429 ||| Stepping ~*~*~tactically~*~*~ (hiding).
   531 | D:5      | 531 ||| Stepping ~*~*~tactically~*~*~ (hiding).
   633 | D:5      | 633 ||| Stepping ~*~*~tactically~*~*~ (hiding).
   735 | D:5      | 735 ||| Stepping ~*~*~tactically~*~*~ (hiding).
   837 | D:5      | 837 ||| Stepping ~*~*~tactically~*~*~ (hiding).
   939 | D:5      | 939 ||| Stepping ~*~*~tactically~*~*~ (hiding).
  1041 | D:5      | 1041 ||| Stepping ~*~*~tactically~*~*~ (hiding).
  1143 | D:5      | 1143 ||| Stepping ~*~*~tactically~*~*~ (hiding).
  1245 | D:5      | 1245 ||| Stepping ~*~*~tactically~*~*~ (hiding).
  1347 | D:5      | 1347 ||| Stepping ~*~*~tactically~*~*~ (hiding).
  1449 | D:5      | 1449 ||| Stepping ~*~*~tactically~*~*~ (hiding).
  1551 | D:5      | 1551 ||| Stepping ~*~*~tactically~*~*~ (hiding).
  1672 | D:5      | Noticed a scorpion
  1679 | D:5      | Slain by a scorpion

Levels and vault maps discovered:
D:5:      layout_cave_pods, uniq_grinder

Skill      XL: |  1 |
---------------+----+-----
Axes           | 2 |  2.0
Fighting       | |  3.2
Dodging        | |  1.5
Stealth        | |  5.4

Action                   || total
-------------------------++-------
Melee: Hand axe          ||     8
Armor: Leather armour    ||     2
Dodge: Dodged            ||     4

Table legend:
 A = Non-vault XP
 B = Vault XP
 C = Vault XP percentage of total XP
 D = Non-vault monster count
 E = Vault monster count
 F = Vault count percentage of total count
                 A         B        C        D         E       F
            +---------+---------+-------+---------+---------+-------
      Total |       4 |       0 |   0.0 |       1 |       0 |   0.0
            +---------+---------+-------+---------+---------+-------
        D:5 |       4 |       0 |   0.0 |       1 |       0 |   0.0
            +---------+---------+-------+---------+---------+-------
